 Dungeon Crawl Stone Soup version 0.31-a0-1-g4198be8af4 (webtiles) character file.

Game seed: 9070037930894008181

44 qeuew the Trooper (level 3, 0/29 HPs)
             Began as a Demonspawn Monk on May 1, 2023.
             Succumbed to an adder's poison
             ... on level 2 of the Dungeon.
             The game lasted 00:02:29 (992 turns).

qeuew the Trooper (Demonspawn Monk)                  Turns: 992, Time: 00:02:30

Health: 0/29       AC:  2    Str: 13    XL:     3   Next: 39%
Magic:  3/3        EV: 13    Int: 11    God:
Gold:   84         SH:  0    Dex: 15    Spells: 2/2 levels left

rFire   . . .        a - +0 mace
rCold   . . .        d - orb {light}
rNeg    . . .        b - +0 robe
rPois   .            (no helmet)
rElec   .            (no cloak)
rCorr   .            (no gloves)
SInv    +            (no boots)
Will    .....        (no amulet)
Stlth   +            f - ring of see invisible
HPRegen 0.24/turn    (no ring)
MPRegen 0.08/turn

%: no passive effects
@: lethally poisoned (0 -> -5), glowing
A: demonic touch 1
a: no special abilities


You were on level 2 of the Dungeon.
You visited 1 branch of the dungeon, and saw 2 of its levels.

You collected 84 gold pieces.

Inventory:

Hand Weapons
 a - a +0 mace (weapon)
Armour
 b - a +0 robe (worn)
 d - an orb of light (worn)
Jewellery
 f - a ring of see invisible (left hand)
Scrolls
 g - a scroll of identify
Potions
 c - 2 potions of ambrosia
 e - a potion of curing
 h - a potion of might
 i - 2 potions of heal wounds


   Skills:
 + Level 3.3 Fighting
 * Level 3.3 Maces & Flails
 + Level 1.0 Armour
 + Level 3.0 Dodging


You had 2 spell levels left.
You didn't know any spells.
Your spell library contained the following spells:

 Spells                   Type           Power      Damage    Failure   Level
 Kiss of Death            Conj/Necr      0%         2d5       34%         1
 Summon Small Mammal      Summ           0%         N/A       34%         1
 Call Canine Familiar     Summ           0%         N/A       71%         3
 Summon Guardian Golem    Hex/Summ       0%         N/A       71%         3
 Swiftness                Air            0%         N/A       71%         3
 Airstrike                Air            0%         2d(0-16)  98%         4
 Plasma Beam              Fire/Air       0%         2x1d11    100%        6


Dungeon Overview and Level Annotations

Branches:
Dungeon (2/15)

Altars:


Innate Abilities, Weirdness & Mutations

Your touch may inflict minor irresistible damage on your foes.


Message History

The endoplasm quivers.
You hit the hobgoblin.
The hobgoblin is moderately wounded.
The hobgoblin barely misses you.
You hit the hobgoblin.
The hobgoblin is severely wounded.
The hobgoblin closely misses you. The adder misses you.
You barely miss the hobgoblin.
The hobgoblin is severely wounded.
The hobgoblin barely misses you. The adder bites you but does no damage.
You hit the hobgoblin but do no damage.
The hobgoblin is severely wounded.
The adder barely misses you. The hobgoblin barely misses you.
The adder bites you. x2; The hobgoblin barely misses you.
You hit the hobgoblin but do no damage.
The hobgoblin is severely wounded.
The adder bites you but does no damage. The adder bites you.
You are poisoned.
The adder poisons you! The adder closely misses you. The hobgoblin hits you.
The adder bites you.
You thump the hobgoblin!
You kill the hobgoblin!
You feel sick. The adder bites you.
You are more poisoned.
The adder poisons you! The adder bites you.
The adder bites you but does no damage.
You hit the adder.
The adder is heavily wounded.
You feel sick. The adder misses you. The endoplasm hits you.
The adder bites you.
* * * LOW HITPOINT WARNING * * *
The adder bites you but does no damage. The endoplasm freezes you.
You are frozen.
* * * LOW HITPOINT WARNING * * *
* * * LOW HITPOINT WARNING * * *
You feel sick. The adder bites you.
* * * LOW HITPOINT WARNING * * *
You closely miss the adder.
You die...

#.# #.# # #.# .
#.# #. #.#
##.######.########
..................
#....###.#######.
###.S@..# #JS####
......†w.......
........#######
...[..### ......
...... .>... .....


You could see 2 adders, a dart slug and an endoplasm.

Vanquished Creatures
  A gnoll (D:1)
  2 bats (D:1)
  5 endoplasms (D:1)
  2 giant cockroaches (D:1)
  4 goblins (D:1)
  4 hobgoblins
  3 jackals (D:1)
  2 frilled lizards (D:1)
  3 kobolds
  3 rats (D:1)
29 creatures vanquished.

Vanquished Creatures (others)
  A fungus (D:1)
1 creature vanquished.

Grand Total: 30 creatures vanquished

Notes
Turn   | Place    | Note
-------+----------+-------------------------------------------
     0 | D:1      | qeuew the Demonspawn Monk began the quest for the Orb.
     0 | D:1      | Reached XP level 1. HP: 18/18 MP: 1/1
   123 | D:1      | Gained mutation: Your touch may inflict minor irresistible
                  | damage on your foes. [demonic ancestry]
   123 | D:1      | Reached XP level 2. HP: 24/24 MP: 2/2
   298 | D:1      | Found a faded altar of an unknown god.
   342 | D:1      | Got Plato's Guide on Kinetic Energy
   353 | D:1      | Reached XP level 3. HP: 25/29 MP: 3/3
   590 | D:1      | Reached skill level 1 in Armour
   804 | D:2      | Got Tuogon's Commentary on Fumes
   991 | D:2      | HP: 1/29 [adder (3)]
   992 | D:2      | Succumbed to an adder's poison

Illustrated notes

Levels and vault maps discovered:
D:1:      amcnicky_arrival_gap_in_the_tavern_cellar, layout_loops_cross,
          shapermc_ecumenical_altar_rom_forum, item_on_display_a
D:2:      layout_basic

Skill      XL: |  1  2  3 |
---------------+----------+-----
Maces & Flails | 3 |  3.3
Dodging        | 3 |  3.0
Armour         | 1 |  1.0
Fighting       | |  3.3

Action                     || total
---------------------------++-------
  Melee: Mace              ||    79
    Use: Scroll            ||     5
         Potion            ||     1
 Armour: Robe              ||    13
  Dodge: Dodged            ||    57

Table legend: (Time is in decaauts)
 A = Elapsed time spent in this place.
 B = Non-inter-level travel time spent in this place.
 C = Inter-level travel time spent in this place.
 D = Time resting spent in this place.
 E = Time spent auto-exploring this place.
 F = Levels seen in this place.
 G = Mean time per level.
                   A        B        C        D        E       F      G
               +--------+--------+--------+--------+--------+-----+--------+
         Total |   1010 |    997 |     13 |      0 |    799 |   2 |  505.0 |
       Dungeon |   1010 |    997 |     13 |      0 |    799 |   2 |  505.0 |
               +--------+--------+--------+--------+--------+-----+--------+

Top non-repeatable levels by time:
     D:1: 816 daAuts
     D:2: 194 daAuts
